 Dungeon Crawl Stone Soup version 0.23.2-40-g277498a001 (webtiles) character file.

Game seed: 12908065008370494504

47 DildoBatman the Magician (level 3, 0/24 HPs)
             Began as a Formicid Wizard on Sept 20, 2019.
             Slain by a goblin
             ... wielding a +0 club
             ... led by Robin
              (6 damage)
             ... on level 2 of the Dungeon.
             The game lasted 00:03:35 (1530 turns).

DildoBatman the Magician (Formicid Wizard)          Turns: 1530, Time: 00:03:36

Health: 0/24       AC:  2    Str: 11    XL:     3   Next: 97%
Magic:  3/7        EV: 12    Int: 18    God:
Gold:   102        SH:  0    Dex:  9    Spells: 1/8 levels left

rFire    . . .     SeeInvis +   (no weapon)
rCold    . . .     Gourm    .   (no shield)
rNeg     . . .     Faith    .   a - +0 robe
rPois    .         Spirit   .   (helmet unavailable)
rElec    .         Reflect  .   (no cloak)
rCorr    .         Harm     .   (no gloves)
MR       .....                  (no boots)
Stlth    ++........             (no amulet)
HPRegen  0.08/turn              (no ring)
MPRegen  0.10/turn              (no ring)

@: very slightly contaminated
A: permanent stasis, dig shafts and tunnels, four strong arms, antennae 3
a: Dig, Shaft Self


You were on level 2 of the Dungeon.
You were hungry.

You visited 1 branch of the dungeon, and saw 3 of its levels.

You collected 102 gold pieces.

Inventory:

Hand Weapons
 f - a +0 hunting sling
Missiles
 d - 17 sling bullets
 e - 37 stones (quivered)
Armour
 a - a +0 robe (worn)
 i - cursed +0 gold dragon scales
Scrolls
 h - a scroll of blinking {unknown}
 j - a scroll of fear {unknown}
Potions
 b - a potion of mutation {unknown}
 c - a potion of resistance {unknown}
 g - 2 potions of curing {unknown}
Comestibles
 v - 4 rations


   Skills:
 - Level 1.7 Dodging
 - Level 2.4 Stealth
 - Level 3.2 Spellcasting
 * Level 3.1 Conjurations
   Level 1.0 Summonings
   Level 0.8 Translocations


You had one spell level left.
You knew the following spells:

 Your Spells              Type           Power        Failure   Level  Hunger
a - Conjure Flame         Conj/Fire      #.......     26%         3    ###....
c - Magic Dart            Conj           ##..         4%          1    None
e - Mephitic Cloud        Conj/Pois/Air  #.......     30%         3    ###....

Your spell library contained the following spells:

 Spells                   Type           Power        Failure   Level  Hunger
 Call Imp                 Summ           #.......     16%         2    ##.....
 Slow                     Hex            #.......     24%         2    ##.....
 Blink                    Tloc           Unusable     N/A         2    N/A

Dungeon Overview and Level Annotations

Branches:
Dungeon (3/15)

Altars:

Annotations:
D:1 exclusion: crimson imp, Robin
D:2 2 exclusions


Innate Abilities, Weirdness & Mutations

You cannot be hasted, slowed, berserked, paralysed or teleported.
You can dig through walls and to a lower floor.
Your four strong arms can wield two-handed weapons with a shield.
You have a pair of large antennae on your head. (SInv)


Message History

You kill the goblin!
The goblin hits you with a +0 club.
Casting: Magic Dart (safe; 4% risk of failure)
Confirm with . or Enter, or press ? or * to list all spells.
Aiming: Magic Dart (safe; 4% risk of failure)
Press: ? - help, Shift-Dir - straight line, f - goblin
Aim: a goblin, wielding a +0 club You miscast Magic Dart.
You are very lightly contaminated with residual magic.
Nothing appears to happen.
The goblin hits you with a +0 club.
Casting: Magic Dart (safe; 4% risk of failure)
Confirm with . or Enter, or press ? or * to list all spells.
Aiming: Magic Dart (safe; 4% risk of failure)
Press: ? - help, Shift-Dir - straight line, f/p - goblin
Aim: a goblin, wielding a +0 club The magic dart hits the goblin.
The goblin is severely wounded.
The goblin hits you with a +0 club.
You die...

#.# #.........# #####.##
###.........# ...<...#
#...........# .......#
##..........#
.......######..........#
.......................#
........######.........#
..#'#.#.....##..)......#
#.#...#####.##.รท@g.....#
#)#########[############
#.###.......#
....#.####### ..#...#
#.#.### #...# #####


You could see a goblin.

Vanquished Creatures
  2 adders (D:2)
  An ooze (D:1)
  2 dart slugs
  A giant cockroach (D:1)
  2 hobgoblins
  2 jackals (D:1)
  A kobold (D:1)
  4 bats
  2 frilled lizards
  3 goblins
  2 rats (D:1)
22 creatures vanquished.

Notes
Turn   | Place    | Note
-------+----------+-------------------------------------------
     0 | D:1      | DildoBatman the Formicid Wizard began the quest for the
                  | Orb.
     0 | D:1      | Reached XP level 1. HP: 13/13 MP: 4/4
    40 | D:1      | Reached skill level 1 in Conjurations
   378 | D:1      | Reached XP level 2. HP: 19/19 MP: 3/6
   810 | D:1      | Reached XP level 3. HP: 24/24 MP: 4/7
   815 | D:1      | Learned a level 3 spell: Conjure Flame
   819 | D:1      | Learned a level 3 spell: Mephitic Cloud
  1409 | D:3      | Noticed Robin
  1530 | D:2      | Slain by a goblin

Skill      XL: |  1  2  3 |
---------------+----------+-----
Conjurations   | 1 2 3 |  3.1
Dodging        | |  1.7
Stealth        | |  2.4
Spellcasting   | |  3.2
Summonings     | |  1.0
Translocations | |  0.8

Action                   || total
-------------------------++-------
Melee: Unarmed           ||     5
 Cast: Magic Dart        ||    58
       Mephitic Cloud    ||     1
 Abil: Dig               ||     1
  Eat: Chunk             ||     1
Armor: Robe              ||     7
Dodge: Dodged            ||    30
